 Dungeon Crawl Stone Soup version 0.24-a0-619-gb7544fd (webtiles) character file.

Game seed: 18015729652995770948, levelgen mode: deterministic

3633 Spazmo the Thaumaturge (level 9, -2/45 HPs)
             Began as a Deep Elf Fire Elementalist on Sept 16, 2019.
             Was a Priest of Vehumet.
             Slain by Joseph
             ... wielding a +0 quarterstaff of draining
              (16 damage)
             ... on level 7 of the Dungeon on Sept 18, 2019.
             The game lasted 00:25:27 (7064 turns).

Spazmo the Thaumaturge (Deep Elf Fire Elementalist) Turns: 7064, Time: 00:25:28

Health: -2/45      AC:  4    Str:  5    XL:     9   Next: 87%
Magic:  15/26      EV: 12    Int: 24    God:    Vehumet [***...]
Gold:   526        SH:  0    Dex: 15    Spells: 15/30 levels left

rFire    + . .     SeeInvis .   h - +1 short sword
rCold    x . .     Gourm    .   (no shield)
rNeg     . . .     Faith    .   a - +1 robe
rPois    .         Spirit   .   (no helmet)
rElec    .         Reflect  .   (no cloak)
rCorr    .         Harm     .   (no gloves)
MR       .....                  k - +0 pair of boots
Stlth    ++........             (no amulet)
HPRegen  0.15/turn              y - ring of fire
MPRegen  0.20/turn              (no ring)

@: drained
A: no striking features
a: Renounce Religion


You were on level 7 of the Dungeon.
You worshipped Vehumet.
Vehumet was most pleased with you.
You were not hungry.

You visited 2 branches of the dungeon, and saw 8 of its levels.
You also visited: Ossuary.

You collected 526 gold pieces.

Inventory:

Hand Weapons
 h - a +1 short sword (weapon)
 r - a cursed +3 halberd of freezing
 x - a +2 dagger of pain
Missiles
 e - 141 stones (quivered)
Armour
 a - a +1 robe (worn)
 k - a +0 pair of boots (worn)
Jewellery
 y - a ring of fire (left hand)
Wands
 b - a wand of paralysis (15)
 v - a wand of flame (16)
 C - a wand of polymorph (13)
Scrolls
 f - 2 scrolls of identify
 g - 2 scrolls of magic mapping
 j - 7 scrolls of teleportation
 l - a scroll of enchant weapon
 n - 4 scrolls of blinking
 o - 2 scrolls of fear
 t - 2 scrolls of remove curse
Potions
 d - a potion of flight
 i - 3 potions of curing
 m - a potion of invisibility
 p - a potion of resistance
 s - a potion of ambrosia {unknown}
 u - a potion of magic {unknown}
 A - a potion of degeneration {unknown}
 B - a potion of mutation {unknown}
Comestibles
 c - 10 rations
 q - 3 chunks of flesh


   Skills:
 - Level 2.4(1.8) Dodging
 - Level 2.4(1.8) Stealth
 + Level 11.0(10.2) Spellcasting
 + Level 9.0(8.3) Conjurations
 + Level 9.5(8.8) Fire Magic


You had 15 spell levels left.
You knew the following spells:

 Your Spells              Type           Power        Failure   Level  Hunger
a - Flame Tongue          Conj/Fire      #####        1%          1    None
b - Throw Flame           Conj/Fire      ######       1%          2    None
c - Conjure Flame         Conj/Fire      ######..     1%          3    None
d - Sticky Flame          Conj/Fire      ######..     1%          4    #......
e - Fireball              Conj/Fire      ######....   1%          5    ####...

Your spell library contained the following spells:

 Spells                   Type           Power        Failure   Level  Hunger
 Ignite Poison            Fire/Tmut/Pois #####...     1%          3    None
 Inner Flame              Hex/Fire       ######..     1%          3    None


Dungeon Overview and Level Annotations

Branches:
Dungeon (7/15)             Temple (1/1) D:4         Ossuary (visited)

Altars:
Cheibriados
Dithmenos
Fedhas
Gozag
Hepliaklqana
Makhleb
Nemelex Xobeh
Okawaru
Ru
Sif Muna
Uskayaw
Vehumet
Xom
Yredelemnul
Zin
The Shining One

Shops:
D:5 *

Annotations:
D:7 Joseph


Message History

Joseph burns!
Casting: Fireball (safe; 1% risk of failure)
Confirm with . or Enter, or press ? or * to list all spells.
Aiming: Sticky Flame (safe; 1% risk of failure)
Press: ? - help, Shift-Dir - straight line, f/p - Joseph
Aim: Joseph, wielding a +0 hunting sling and wearing a +0 ring mail (severely wounded, covered in liquid flames)
Okay, then.
Unknown command.
Casting: Sticky Flame (safe; 1% risk of failure)
Confirm with . or Enter, or press ? or * to list all spells.
Aiming: Throw Flame (safe; 1% risk of failure)
Press: ? - help, Shift-Dir - straight line, f/p - Joseph
Aim: Joseph, wielding a +0 hunting sling and wearing a +0 ring mail (severely wounded, covered in liquid flames)
You feel a surge of power!
The puff of flame hits Joseph!
Joseph is almost dead.
Joseph burns!
Joseph unwields a +0 hunting sling.
Joseph wields a +0 quarterstaff of draining.
You sense an unholy aura.
Joseph hits you with a +0 quarterstaff of draining!
You die...

#..# .####.#.##.#... #...
.......#[##.#... ##..#
.........##.....
...#..........##.....
#####..#..........##.....
....... .........##รท#.#.
#...# #..#####........
####...#+#..# ####.#..#
#.......@@...########.##.#
#.....................# ..
...........#.########## #.
...........#......... ..
.....#.##....###..... ..
.....#. #....# .#### ##
.....#..#....# .#
....##.#....###.#
..............#


You could see Joseph (burning).

Vanquished Creatures
  Grinder (D:6)
  A hippogriff (D:7)
  Sigmund (D:3)
  A hungry ghost (D:7)
  2 orc warriors (D:6)
  An ice beast (D:7)
  3 sky beasts
  2 phantoms
  An ogre (D:6)
  6 centaurs
  2 bullfrogs (D:7)
  2 elf zombies (Ossuary)
  Blork the orc (D:6)
  3 wights (D:6)
  2 crimson imps
  3 centaur zombies (Ossuary)
  3 orc priests (D:6)
  A human zombie (Ossuary)
  3 jellies
  6 hounds
  A centaur skeleton (D:7)
  2 bullfrog skeletons
  Natasha (thrice) (D:3)
  5 orc wizards
  2 worker ants
  A big kobold zombie (Ossuary)
  2 hound skeletons
  3 mummies (Ossuary)
  A worker ant zombie (D:5)
  2 adders
  A shadow imp (D:6)
  3 oozes
  6 adder zombies (Ossuary)
  An adder skeleton (D:5)
  4 worms
  A dart slug (D:3)
  4 leopard geckos
  22 orcs
  3 bats
  5 giant cockroaches
  A gnoll zombie (Ossuary)
  8 goblins
  10 hobgoblins
  4 iguanas
  2 jackals (D:1)
  4 kobolds
  3 quokkas
  3 ball pythons
  12 frilled lizards
  A giant cockroach zombie (D:5)
  5 goblin zombies
  3 hobgoblin zombies (Ossuary)
  2 jackal skeletons
  6 jackal zombies
  3 kobold zombies (Ossuary)
  A leopard gecko zombie (D:5)
  3 rats
  6 rat zombies
194 creatures vanquished.

Notes
Turn   | Place    | Note
-------+----------+-------------------------------------------
     0 | D:1      | Spazmo the Deep Elf Fire Elementalist began the quest for
                  | the Orb.
     0 | D:1      | Reached XP level 1. HP: 10/10 MP: 6/6
    84 | D:1      | Reached XP level 2. HP: 15/15 MP: 0/8
   202 | D:1      | Learned a level 2 spell: Throw Flame
   400 | D:1      | Reached XP level 3. HP: 19/19 MP: 6/10
   412 | D:1      | Learned a level 3 spell: Conjure Flame
   792 | D:2      | Reached skill level 4 in Spellcasting
  1019 | D:2      | Found a shimmering altar of Xom.
  1025 | D:2      | Reached XP level 4. HP: 24/24 MP: 8/12
  1031 | D:2      | Learned a level 4 spell: Sticky Flame
  1421 | D:3      | Found an opulent altar of Gozag.
  1488 | D:3      | Reached XP level 5. HP: 28/28 MP: 9/14
  1850 | D:3      | Noticed Natasha
  1855 | D:3      | Killed Natasha
  1855 | D:3      | Reached skill level 5 in Spellcasting
  2034 | D:3      | Noticed Natasha
  2039 | D:3      | Killed Natasha
  2069 | D:3      | Noticed Natasha
  2077 | D:3      | Killed Natasha
  2082 | D:3      | Noticed Sigmund
  2140 | D:3      | Killed Sigmund
  2140 | D:3      | Reached skill level 5 in Fire Magic
  2140 | D:3      | Reached XP level 6. HP: 32/32 MP: 8/16
  2147 | D:3      | Learned a level 5 spell: Fireball
  2481 | D:4      | Found a staircase to the Ecumenical Temple.
  2492 | Temple   | Entered the Ecumenical Temple
  2522 | Temple   | Became a worshipper of Vehumet
  2571 | D:4      | Reached skill level 6 in Spellcasting
  2709 | D:4      | Reached XP level 7. HP: 36/36 MP: 13/18
  2937 | D:5      | Entered Level 5 of the Dungeon
  2957 | D:5      | Reached skill level 5 in Conjurations
  3101 | D:5      | Reached skill level 7 in Spellcasting
  3253 | D:5      | Found a sand-covered staircase.
  3322 | Ossuary  | Entered an ossuary
  3342 | Ossuary  | Reached * piety under Vehumet
  3342 | Ossuary  | Offered knowledge of Sting by Vehumet.
  3557 | Ossuary  | Reached XP level 8. HP: 33/41 MP: 15/21
  3804 | Ossuary  | Reached skill level 8 in Spellcasting
  3975 | Ossuary  | Offered knowledge of Searing Ray by Vehumet.
  4088 | D:5      | Reached ** piety under Vehumet
  4153 | D:5      | Found Norhuwia's Assorted Antiques.
  5009 | D:5      | Found a sparkling altar of Nemelex Xobeh.
  5028 | D:5      | You fall into a shaft and drop 1 floor!
  5033 | D:6      | Reached skill level 9 in Spellcasting
  5411 | D:6      | Noticed Grinder
  5416 | D:6      | Killed Grinder
  5416 | D:6      | Reached XP level 9. HP: 38/45 MP: 16/24
  5466 | D:6      | Offered knowledge of Ignite Poison by Vehumet.
  5476 | D:6      | Noticed Blork the orc
  5517 | D:6      | Upgraded the game from 0.24-a0-618-ge4662a2 to
                  | 0.24-a0-619-gb7544fd
  5768 | D:6      | Reached skill level 10 in Spellcasting
  6322 | D:6      | Killed Blork the orc
  6366 | D:6      | Reached *** piety under Vehumet
  6945 | D:7      | Noticed Joseph
  7007 | D:7      | Reached skill level 11 in Spellcasting
  7064 | D:7      | Slain by Joseph

Levels and vault maps discovered:
D:1:      dpeg_arrival_shrine, layout_rooms
D:2:      layout_basic, first_ration, dk_xom_monty_hall
D:3:      layout_basic, nicolae_gozag_seed_capital, uniq_sigmund, uniq_natasha
D:4:      layout_cave_pools, minmay_temple_entry_junction
D:5:      minmay_recursive_quarters, layout_basic, nemelex_altar_shiori,
          serial_shops, nicolae_shop_stone, enter_ossuary_4
D:6:      wad_crossroads, layout_loops_ring, uniq_grinder, uniq_blork_the_orc
D:7:      layout_basic, serial_shops, nicolae_shop_overgrown_old_shop,
          uniq_joseph
Temple:   compressed_dpeg_circular_temple

Skill      XL: |  1  2  3  4  5  6  7  8  9 |
---------------+----------------------------+-----
Conjurations   | 2 3 4 5 7 9 |  9.0
Spellcasting   | 4 5 6 7 9 11 | 11.0
Fire Magic     | 4 5 6 8 9 |  9.5
Dodging        | |  2.4
Stealth        | |  2.4

Action                   |  1- 3 |  4- 6 |  7- 9 || total
-------------------------+-------+-------+-------++-------
Melee: Club              |     3 |       |       ||     3
       Short sword       |       |       |    39 ||    39
Throw: Stone             |     1 |       |     2 ||     3
 Cast: Flame Tongue      |    70 |    73 |   243 ||   386
       Throw Flame       |     3 |     9 |    34 ||    46
       Sticky Flame      |       |     1 |    29 ||    30
       Fireball          |       |       |     7 ||     7
       Conjure Flame     |       |       |     5 ||     5
Evoke: Wand              |       |       |     3 ||     3
  Use: Scroll            |     3 |     5 |     8 ||    16
       Potion            |       |     1 |     2 ||     3
 Stab: Paralysed         |       |       |     9 ||     9
  Eat: Chunk             |       |     5 |    13 ||    18
       Ration            |       |       |     1 ||     1
Armor: Robe              |     5 |     4 |    23 ||    32
Dodge: Dodged            |    24 |    16 |    75 ||   115

Table legend:
 A = Non-vault XP
 B = Vault XP
 C = Vault XP percentage of total XP
 D = Non-vault monster count
 E = Vault monster count
 F = Vault count percentage of total count
                 A         B        C        D         E       F
            +---------+---------+-------+---------+---------+-------
      Total |    3255 |    1935 |  37.3 |     136 |      58 |  29.9
            +---------+---------+-------+---------+---------+-------
        D:1 |      48 |       0 |   0.0 |      22 |       0 |   0.0
        D:2 |      40 |      84 |  67.7 |      16 |       3 |  15.8
        D:3 |     153 |     244 |  61.5 |      26 |       2 |   7.1
        D:4 |     216 |       0 |   0.0 |       5 |       0 |   0.0
        D:5 |     546 |     501 |  47.9 |      17 |      10 |  37.0
        D:6 |    1244 |     600 |  32.5 |      38 |       6 |  13.6
        D:7 |    1008 |       0 |   0.0 |      12 |       0 |   0.0
    Ossuary |       0 |     506 | 100.0 |       0 |      37 | 100.0
            +---------+---------+-------+---------+---------+-------
